Map: Catalyst LE

Players

Ace

  • Race: Protoss Protoss
  • League: Silver
  • Spawn Location: 5:00

CinDra - Winner!

  • Race: Zerg Zerg
  • League: Silver
  • Spawn Location: 11:00

VOD

Have the link to the VOD?

Description

Time

  • Played on: Feb. 26, 2018, 5:34 p.m.
  • Length: 8:53
Show
View Real Time Build Order
Export as new Build Order

Ace Protoss 

Build Orders:  

Get SALT Encoding   

  12  0:14  Probe (Chrono Boost)  
  12  0:17  Pylon  
  13  0:26  Probe (Chrono Boost)  
  14  0:37  Gateway, Probe  
  15  0:49  Probe  
  16  1:00  Forge  
  16  1:01  Probe  
  17  1:14  Gateway  
  17  1:20  Assimilator  
  17  1:30  Cybernetics Core  
  17  1:38  Photon Cannon  
  17  1:41  Probe (Chrono Boost)  
  18  1:51  Zealot  
  18  1:52  Probe (Chrono Boost)  
  21  1:57  Probe (Chrono Boost)  
  21  2:00  Assimilator  
  22  2:06  Pylon  
  22  2:19  Probe  
  23  2:27  Pylon  
  23  2:29  Warp Gate (Chrono Boost)  
  23  2:31  Probe  
  23  2:34  Adept  
  26  2:43  Probe  
  27  2:58  Nexus  
  27  3:10  Pylon  
  27  3:11  Probe  
  28  3:18  Adept  
  30  3:34  Photon Cannon  
  30  3:39  Pylon  
  30  3:47  Gateway  
  30  3:58  Gateway  
  30  4:00  Probe (Chrono Boost)  
  31  4:10  Probe (Chrono Boost)  
  31  4:14  Probe (Chrono Boost)  
  33  4:21  Probe (Chrono Boost)  
  34  4:32  Twilight Council  
  34  4:36  Robotics Facility  
  34  4:48  Stalker, Pylon  
  36  4:53  Pylon  
  36  4:54  Probe  
  37  5:06  Charge (Chrono Boost), Probe  
  38  5:09  Pylon  
  38  5:14  Pylon  
  38  5:15  Zealot  
  38  5:18  Probe (Chrono Boost)  
  41  5:25  Observer  
  43  5:29  Probe (Chrono Boost)  
  43  5:33  Probe (Chrono Boost)  
  44  5:39  Gateway  
  44  5:40  Pylon  
  44  5:45  Probe  
  44  5:49  Probe  
  46  5:57  Probe  
  46  6:01  Probe  
  48  6:09  Gateway, Probe  
  49  6:11  Gateway  
  49  6:12  Zealot  
  49  6:13  Zealot  
  49  6:14  Zealot, Probe  
  49  6:17  Sentry  
  58  6:21  Probe  
  59  6:33  Probe  
  59  6:38  Nexus  
  60  6:44  Blink  
  60  7:03  Assimilator x2  
  60  7:04  Pylon  
  60  7:10  Probe, Pylon x2  
  60  7:14  Observer  
  62  7:22  Probe  
  62  7:25  Dark Shrine  
  63  7:31  Zealot x3  
  63  7:32  Zealot x2  
  63  7:35  Probe  
  63  7:36  Immortal  
  77  7:46  Stalker  
  77  7:47  Stalker  
  81  8:23  Stalker  
  81  8:24  Stalker  
  89  8:41  Stalker x2  
  89  8:42  Stalker x2  
  89  8:43  Stalker  
  89  8:46  Nexus  
Show
View Real Time Build Order
Export as new Build Order

CinDra Zerg - Winner!

Build Orders: Hatch First 

Get SALT Encoding   

  12  0:01  Drone  
  13  0:13  Overlord  
  13  0:20  Drone  
  14  0:31  Drone x2  
  16  0:37  Drone  
  17  0:56  Hatchery  
  16  0:57  Drone  
  16  1:04  Drone  
  18  1:07  Extractor  
  18  1:09  Drone  
  18  1:20  Spawning Pool  
  18  1:23  Drone  
  18  1:29  Drone  
  19  1:39  Drone  
  20  1:52  Drone  
  21  2:07  Drone  
  22  2:10  Zergling x2, Queen x2  
  22  2:12  Zergling x2  
  22  2:14  Metabolic Boost  
  28  2:23  Overlord  
  28  2:29  Overlord  
  28  2:42  Drone x2  
  28  2:43  Drone  
  31  2:56  Drone x3  
  34  3:00  Lair  
  34  3:02  Drone  
  35  3:10  Queen  
  35  3:12  Drone  
  38  3:25  Hatchery  
  37  3:32  Drone x3  
  37  3:33  Drone  
  41  3:36  Overlord  
  41  3:57  Drone x6  
  47  4:07  Overlord  
  47  4:10  Extractor  
  46  4:26  Drone  
  46  4:27  Drone x5  
  52  4:37  Zergling x2  
  53  4:42  Pneumatized Carapace  
  53  4:44  Drone x8  
  61  4:49  Extractor  
  61  4:52  Extractor  
  59  5:12  Zergling x14  
  66  5:17  Spire  
  65  5:35  Drone, Overlord  
  66  5:36  Overlord x3  
  66  5:41  Extractor x2, Drone x2  
  66  5:50  Roach Warren  
  65  6:00  Drone x9  
  65  6:01  Overlord x2  
  65  6:02  Zergling x2  
  65  6:03  Zergling x8  
  79  6:37  Drone x5  
  79  6:38  Drone x3  
  87  6:40  Drone  
  87  6:41  Mutalisk x4  
  87  6:42  Mutalisk  
  87  6:43  Mutalisk x4  
  87  6:46  Glial Reconstitution  
  106  6:48  Zerg Flyer Weapons Level 1  
  106  7:07  Mutalisk x4  
  114  7:16  Overlord x3  
  114  7:36  Mutalisk x4  
  120  7:40  Overlord x2  
  122  7:52  Evolution Chamber  
  122  7:53  Evolution Chamber  
  120  8:05  Overlord  
  120  8:17  Zergling x12  
  120  8:18  Zergling x32  
Tags
 
Matchup
PvZ
Spawn Locations
Cross Positions
Add a new tag
Caveats
  • Supply blocks, unpowered buildings, or Contaminate may cause inaccurate times.
  • Supply counts are checked every 10 seconds.